 Dungeon Crawl Stone Soup version 0.31-a0-246-g8cbcc1cb85 (webtiles) character file.

Game seed: 827864624009281853

72 qw the Shooter (level 4, 0/36 HPs)
             Began as a Minotaur Hexslinger on July 12, 2023.
             Slain by an orc priest
             ... wielding a +0 flail
              (4 damage)
             ... on level 2 of the Dungeon.
             The game lasted 00:00:34 (1353 turns).

qw the Shooter (Minotaur Hexslinger)                Turns: 1353, Time: 00:00:34

Health: 0/36       AC:  5    Str: 12    XL:     4   Next: 6%
Magic:  4/4        EV: 12    Int: 10    God:
Gold:   41         SH:  0    Dex: 15    Spells: 4/5 levels left

rFire   . . .        Y - +2 sling
rCold   . . .        (no shield)
rNeg    . . .        c - +0 robe
rPois   +            i - +2 hat
rElec   .            a - +0 cloak
rCorr   .            (no gloves)
SInv    .            (no boots)
Will    .....        (no amulet)
Stlth   +            b - ring of poison resistance
HPRegen 0.26/turn    (no ring)
MPRegen 0.09/turn

%: no passive effects
@: no status effects
A: horns 2, retaliatory headbutt
a: no special abilities


You were on level 2 of the Dungeon.
You visited 1 branch of the dungeon, and saw 3 of its levels.

You collected 41 gold pieces.


Innate Abilities, Weirdness & Mutations

You have a pair of horns on your head.
You reflexively headbutt those who attack you in melee.


   Skills:
 - Level 2.0 Fighting
 + Level 4.6 Ranged Weapons
 - Level 2.1 Dodging
 - Level 1.0 Spellcasting
 - Level 2.0 Hexes


You had 4 spell levels left.
You knew the following spells:

 Your Spells              Type           Power      Damage    Failure   Level
a - Slow                  Hex            16%        N/A       16%         1

Your spell library contained the following spells:

 Spells                   Type           Power      Damage    Failure   Level
 Inner Flame              Hex/Fire       2%         N/A       56%         3
 Portal Projectile        Hex/Tloc       4%         N/A       56%         3
 Cause Fear               Hex            2%         N/A       83%         4

Inventory:

Hand Weapons
 Y - a +2 sling (weapon)
Armour
 a - a +0 cloak (worn)
 c - a +0 robe (worn)
 i - a +2 hat (worn)
Jewellery
 b - a ring of poison resistance (left hand)
 g - a ring of ice
Scrolls
 j - a scroll of identify
Potions
 d - a potion of degeneration {unknown}
 e - a potion of mutation {unknown}
 f - 2 potions of resistance
 k - a potion of berserk rage {unknown}
 m - a potion of heal wounds {unknown}
 n - a potion of magic {unknown}

Dungeon Overview and Level Annotations

Branches:
Dungeon (3/15)

Altars:


Message History

Enter note:
Enter note:
Enter note:
Enter note:
Enter note:
Enter note:
Enter note: You start resting.
You feel your willpower return.
HP restored.
Done exploring.
(D) Dungeon
Where to? (* - list waypoints, Enter - D:3, ? - help)
What level of the Dungeon? (default 1, ? - help)
You climb downwards.
The orc priest misses you.
The orc priest hits you with a +0 flail.
There is a stone staircase leading up, spattered with blood here.
You shoot a sling bullet. The orc shouts!
The sling bullet hits the orc priest.
The orc priest is moderately wounded.
The orc priest calls down the wrath of Beogh upon you.
Beogh smites you!
The orc priest mumbles some strange prayers to Beogh against you.
Beogh smites you!
1349 ||| STAIRDANCE You climb upwards.
There is a stone staircase leading down here.
You shoot a sling bullet. The sling bullet hits the orc priest.
The orc priest is heavily wounded.
The orc priest hits you with a +0 flail.
The orc priest hits you with a +0 whip.
You shoot a sling bullet.
The sling bullet barely misses the orc priest.
The orc priest closely misses you. You furiously retaliate!
You headbutt the orc priest. The orc priest hits you with a +0 whip.
You shoot a sling bullet.
The sling bullet closely misses the orc priest.
The orc priest hits you with a +0 flail.
You die...

####.....#........#
#........#........#
#........#........###
#......#.#........#..
#........######......
######+##..# #.#...#
#....#.....# #.#.#.#
#....o.....######.#.#.#
#....#@o...............
#....#.##########...##.
#....#.## #########.
#....#..# #%........
##...##.######.########
#...##................
#...#######.....######
#....¤......##### #
######¤#¤¤......# #


You could see 2 orc priests.

Vanquished Creatures
  3 gnolls (D:2)
  An adder (D:2)
  A worm (D:2)
  A dart slug (D:1)
  5 bats
  4 endoplasms
  3 goblins (D:1)
  5 hobgoblins (D:1)
  4 kobolds
  2 ball pythons
29 creatures vanquished.

Notes
Turn   | Place    | Note
-------+----------+-------------------------------------------
     0 | D:1      | qw the Minotaur Hexslinger began the quest for the Orb.
     0 | D:1      | Reached XP level 1. HP: 16/16 MP: 1/1
     0 | D:1      | 0 ||| qw: Version: 0.3-a-52-g30416fa
     0 | D:1      | 0 ||| qw: Game counter: 6547
     0 | D:1      | 0 ||| qw: Melee chars always use a shield: true
     0 | D:1      | 0 ||| qw: God list: Okawaru
     0 | D:1      | 0 ||| qw: Allow faded altars: false
     0 | D:1      | 0 ||| qw: Do Orc after clearing Dungeon:15 true
     0 | D:1      | 0 ||| qw: Do second Lair branch before Depths: true
     0 | D:1      | 0 ||| qw: Lair rune preference: random
     0 | D:1      | 0 ||| qw: Goals: Normal
     0 | D:1      | 0 ||| PLANNING D:1-11
    91 | D:1      | Reached skill level 3 in Ranged Weapons
    91 | D:1      | Reached XP level 2. HP: 20/23 MP: 2/2
   208 | D:1      | Found a faded altar of an unknown god.
   259 | D:1      | 259 ||| READING scroll labelled ERPHOC GAOGA.
   786 | D:1      | 786 ||| UPGRADING to +0 cloak.
   791 | D:1      | 791 ||| READING scroll labelled FENOSOSSIMIS.
   796 | D:1      | 796 ||| READING scroll labelled HOWAXZEDWI.
   797 | D:1      | 797 ||| DRINKING 3 sedimented dark potions.
   798 | D:1      | 798 ||| DROPPING scroll of poison.
   861 | D:2      | Reached XP level 3. HP: 29/29 MP: 3/3
   982 | D:2      | Reached skill level 4 in Ranged Weapons
  1088 | D:2      | Reached XP level 4. HP: 30/36 MP: 4/4
  1290 | D:2      | 1290 ||| UPGRADING to +2 hat.
  1295 | D:2      | 1295 ||| UPGRADING to ring of poison resistance.
  1296 | D:2      | 1296 ||| READING scroll labelled TAISUK LIGUABE.
  1297 | D:2      | 1297 ||| READING scroll labelled TUSHRI MYBUCK.
  1298 | D:2      | 1298 ||| READING scroll labelled KAICEL TAUFOBIGA.
  1299 | D:2      | 1299 ||| READING scroll labelled KAIDEOM WYWEPT.
  1319 | D:3      | 1319 ||| STAIRDANCE
  1349 | D:3      | 1349 ||| STAIRDANCE
  1351 | D:2      | HP: 9/36 [orc priest/+0 whip (3)]
  1352 | D:2      | HP: 4/36 [orc priest/+0 whip (5)]
  1353 | D:2      | Slain by an orc priest

Levels and vault maps discovered:
D:1:      dpeg_arrival_radiant, layout_loops_ring,
          shapermc_ecumenical_altar_venn, st_stairs_14,
          nicolae_twisty_statue_hallways
D:2:      layout_basic
D:3:      layout_loops_corners, mainiacjoe_overflow_tiny_flanked,
          chequers_decorated_corner, uniq_grinder, uniq_ijyb

Skill      XL: |  1  2  3 |
---------------+----------+-----
Ranged Weapons | 3 4 |  4.6
Fighting       | 2 |  2.0
Dodging        | |  2.1
Spellcasting   | |  1.0
Hexes          | |  2.0

Action                     |  1- 3 |  4- 6 || total
---------------------------+-------+-------++-------
   Fire: Sling             |   110 |    17 ||   127
    Use: Scroll            |     3 |     4 ||     7
         Potion            |     1 |       ||     1
 Armour: Robe              |    17 |     3 ||    20
  Dodge: Dodged            |    42 |     2 ||    44

Table legend:
 A = Non-vault XP
 B = Vault XP
 C = Vault XP percentage of total XP
 D = Non-vault monster count
 E = Vault monster count
 F = Vault count percentage of total count
                 A         B        C        D         E       F
            +---------+---------+-------+---------+---------+-------
      Total |     102 |       1 |   1.0 |      28 |       1 |   3.4
            +---------+---------+-------+---------+---------+-------
        D:1 |      32 |       1 |   3.0 |      17 |       1 |   5.6
        D:2 |      70 |       0 |   0.0 |      11 |       0 |   0.0
            +---------+---------+-------+---------+---------+-------
